 Dungeon Crawl Stone Soup version 0.30-a0-639-g3916f1956a (webtiles) character file.

Game seed: 2424987260868551900

301922 Zonian the Earth Mage (level 21, -8/121 HPs)
             Began as a Vine Stalker Brigand on Jan 14, 2023.
             Was a High Priest of Ashenzari.
             Mangled by a +1 heavy scimitar (24 damage)
             ... on level 1 of the Elven Halls on Jan 15, 2023.
             The game lasted 03:01:51 (54927 turns).

Zonian the Earth Mage (Vine Stalker Brigand)       Turns: 54927, Time: 03:01:52

Health: -8/121     AC: 11    Str: 13    XL:     21   Next: 5%
Magic:  0/50       EV: 24    Int: 21    God:    Ashenzari [*****.]
Gold:   2096       SH: 14    Dex: 28    Spells: 5/51 levels left

rFire   + . .      SeeInvis +    N - +7 short sword (venom)
rCold   + . .      Faith    .    I - +2 buckler of Ashenzari's Scepticism {Evo, Elem} (curse)
rNeg    . . .      Spirit   +    b - +2 leather armour of Desmomancy {rPois Will+ Slay+3, Cun, Self} (curse)
rPois   +          Reflect  +    K - +2 helmet of Ashenzari's Lethargy {Cun, Melee} (curse)
rElec   .          Harm     .    P - scarf of the Enigmatic Oracle {rC+ rF+, Fort, Comp} (curse)
rCorr   .          Rampage  .    (no gloves)
Will    +++..      Clarity  +    B - +0 pair of boots of the Visionary Levity {Fort, Evo} (curse)
Stlth   ++++++++                 X - amulet of the Shattered Sun {Reflect Int+4 SH+5 Stlth+, Comp, Elem} (curse)
HPRegen 1.20/turn                A - ring "Distant Irritation" {Dex+6, Melee, Elem} (curse)
MPRegen 0.32/turn                a - ring "Tethered Oblivion" {MP+9, Fort, Cun} (curse)

@: about to teleport, studying Poison Magic
A: fangs 3, regeneration 1, magic shield, antimagic bite, no potion heal 2
}: 2/15 runes: decaying, serpentine
a: Renounce Religion, Curse Item, Shatter the Chains


You were on level 1 of the Elven Halls.
You worshipped Ashenzari.
Ashenzari was extremely pleased with you.
You visited 7 branches of the dungeon, and saw 34 of its levels.
You also visited: Sewer and Gauntlet.

You collected 3508 gold pieces.
You spent 1412 gold pieces at shops.

Inventory:

Hand Weapons
 n - a +2 short sword of freezing
 y - a +2 double sword of freezing
 G - a +2 dagger of speed
 J - a +5 demon whip of electrocution
 M - a +2 short sword of protection
 N - a +7 short sword of venom (weapon)
 U - a +4 scimitar of flaming
Missiles
 d - 24 poisoned darts (quivered)
 E - 19 javelins
 L - 5 curare-tipped darts
Armour
 b - the cursed +2 leather armour of Desmomancy (worn) {rPois Will+ Slay+3, Cun, Self}
   (You found it on level 4 of the Lair of Beasts)

   Slay:      It affects your accuracy & damage with ranged weapons and melee
   (+3).
   rPois:     It protects you from poison.
   Will:      It increases your willpower.
   It has a curse which improves the following skills: Cunning: Dodging and
   Stealth.
   Introspection: Fighting and Spellcasting.
 B - the cursed +0 pair of boots of the Visionary Levity (worn) {Fort, Evo}
   (You found it on level 4 of the Dungeon)

   It has a curse which improves the following skills: Fortitude: Armour and
   Shields.
   Evocations: Evocations.
 I - the cursed +2 buckler of Ashenzari's Scepticism (worn) {Evo, Elem}
   (You found it on level 7 of the Dungeon)

   It has a curse which improves the following skills: Evocations: Evocations.
   Elements:  Fire Magic, Ice Magic, Air Magic and Earth Magic.
 K - the cursed +2 helmet of Ashenzari's Lethargy (worn) {Cun, Melee}
   (You found it on level 8 of the Dungeon)

   It has a curse which improves the following skills: Cunning: Dodging and
   Stealth.
   Melee Combat: Short Blades, Long Blades, Axes, Maces & Flails, Polearms,
   Staves and Unarmed Combat.
 P - the cursed scarf of the Enigmatic Oracle (worn) {rC+ rF+, Fort, Comp}
   (You bought it in a shop on level 2 of the Orcish Mines)

   It has a curse which improves the following skills: Fortitude: Armour and
   Shields.
   Companions: Summonings and Necromancy.
 Y - a +2 pair of boots
Jewellery
 a - the cursed ring "Tethered Oblivion" (right hand) {MP+9, Fort, Cun}
   (You found it in a Gauntlet)

   [ring of magical power]

   MP:        It affects your magic capacity (+9).
   It has a curse which improves the following skills: Fortitude: Armour and
   Shields.
   Cunning:   Dodging and Stealth.
 A - the cursed ring "Distant Irritation" (left hand) {Dex+6, Melee, Elem}
   (You found it on level 4 of the Dungeon)

   [ring of dexterity]

   Dex:       It affects your dexterity (+6).
   It has a curse which improves the following skills: Melee Combat: Short
   Blades, Long Blades, Axes, Maces & Flails, Polearms, Staves and Unarmed
   Combat.
   Elements:  Fire Magic, Ice Magic, Air Magic and Earth Magic.
 Q - a ring of resist corrosion
 S - a +4 ring of protection
 X - the cursed amulet of the Shattered Sun (around neck) {Reflect Int+4 SH+5 Stlth+, Comp, Elem}
   (You took it off a vault warden on level 1 of the Vaults)

   [amulet of reflection]

   It reflects blocked missile attacks.
   Int:       It affects your intelligence (+4).
   SH:        It affects your SH (+5).
   Stlth:     It makes you more stealthy.
   It has a curse which improves the following skills: Companions: Summonings
   and Necromancy.
   Elements:  Fire Magic, Ice Magic, Air Magic and Earth Magic.
Wands
 c - a wand of charming (15)
 i - a wand of light (15)
 x - a wand of flame (60)
 F - a wand of iceblast (5)
 W - a wand of digging (12)
Scrolls
 e - 3 scrolls of butterflies
 j - 7 scrolls of teleportation
 k - 5 scrolls of poison
 l - 3 scrolls of magic mapping
 t - a scroll of silence
 z - 2 scrolls of enchant armour
 D - 8 scrolls of fog
Potions
 f - 5 potions of cancellation
 m - 15 potions of curing
 o - 9 potions of lignification
 p - a potion of berserk rage
 q - a potion of ambrosia
 s - 4 potions of invisibility
 v - 8 potions of brilliance
 C - 7 potions of flight
 H - 4 potions of might
 R - 2 potions of resistance
 T - a potion of haste
Miscellaneous
 u - a phantom mirror
 w - a tin of tremorstones (2/2)
 O - a condenser vane (inert)
 V - a box of beasts
 Z - a lightning rod (2/4)


   Skills:
 - Level 14.7(16.9) Fighting
 - Level 6.9(10.7) Short Blades
 - Level 3.9(8.4) Long Blades
 - Level 2.4 Throwing
 - Level 5.1(9.4) Armour
 - Level 8.2(12.7) Dodging
 - Level 12.8(17.2) Stealth
 - Level 2.6(6.1) Shields
 + Level 13.5(15.8) Spellcasting
 + Level 10.2 Conjurations
 - Level 15.2(18.6) Necromancy
 + Level 6.3 Translocations
 - Level 11.2(15.6) Ice Magic
 - Level 0.9(3.2) Air Magic
 - Level 15.2(19.6) Earth Magic
 - Level 1.5 Poison Magic
 - Level 5.0(8.3) Evocations


You had 5 spell levels left.
You knew the following spells:

 Your Spells              Type           Power      Damage    Failure   Level
a - Frozen Ramparts       Ice            100%       1d16      1%          3
b - Hailstorm             Conj/Ice       63%        3d13      1%          3
c - Borgnjor's Vile Clut  Necr/Erth      38%        N/A       1%          5
d - Lee's Rapid Deconstr  Erth           39%        3d19*     1%          5
e - Dispel Undead         Necr           76%        3d25      1%          4
f - Iskenderun's Mystic   Conj/Tloc      51%        2d11      1%          4
g - Blink                 Tloc           86%        N/A       1%          2
h - Death Channel         Necr           38%        N/A       1%          6
i - Vampiric Draining     Necr           76%        2d11      0%          3
j - Agony                 Necr           76%        N/A       1%          5
k - Iron Shot             Conj/Erth      34%        9d7       1%          6

Your spell library contained the following spells:

 Spells                   Type           Power      Damage    Failure   Level
 Freeze                   Ice            100%       1d10      0%          1
 Necrotise                Necr           100%       1d9       0%          1
 Sublimation of Blood     Necr           76%        N/A       0%          2
 Cigotuvi's Dreadful Rot  Necr/Pois/Air  98%        N/A       1%          2
 Dazzling Flash           Conj/Hex       76%        N/A       1%          3
 Gell's Gravitas          Tloc           43%        N/A       1%          3
 Teleport Other           Tloc           43%        N/A       1%          3
 Anguish                  Hex/Necr       26%        N/A       1%          4
 Animate Armour           Summ/Erth      100%       N/A       1%          4
 Ice Form                 Ice/Tmut       49%        N/A       2%          4
 Freezing Cloud           Conj/Ice/Air   27%        6-21      3%          5
 Kindle Blastsparks       Fire/Tloc/Air  60%        2d15      4%          3
 Manifold Assault         Tloc           43%        N/A       4%          4
 Slow                     Hex            64%        N/A       5%          1
 Scorch                   Fire           38%        2d7       6%          2
 Flame Wave               Conj/Fire      39%        2d11      6%          4
 Sticky Flame             Conj/Fire      39%        2d6       6%          4
 Fulminant Prism          Conj/Hex       19%        3d11      7%          4
 Wereblood                Tmut           16%        N/A       9%          2
 Ignite Poison            Fire/Tmut/Pois 19%        N/A       12%         3
 Inner Flame              Hex/Fire       17%        N/A       14%         3
 Summon Guardian Golem    Hex/Summ       17%        N/A       16%         3
 Confusing Touch          Hex            16%        N/A       17%         3
 Irradiate                Conj/Tmut      19%        3d18      19%         5
 Summon Forest            Summ/Tloc      15%        N/A       36%         5
 Alistair's Intoxication  Tmut/Pois      12%        N/A       75%         5
 Blade Hands              Tmut           8%         N/A       83%         5
 Yara's Violent Unravell  Hex/Tmut       8%         3d5       83%         5
 Simulacrum               Ice/Necr       36%        N/A       1%          6
 Dispersal                Tloc           21%        N/A       52%         6
 Orb of Destruction       Conj           28%        9d9       56%         7
 Starburst                Conj/Fire      19%        6d7       67%         6
 Eringya's Noxious Bog    Tmut/Pois      9%         N/A       99%         6
 Spellforged Servitor     Conj/Summ      19%        N/A       99%         7
 Summon Cactus Giant      Summ           9%         N/A       100%        6
 Dragon Form              Tmut           8%         N/A       100%        7
 Enfeeble                 Hex            8%         N/A       100%        7
 Storm Form               Tmut/Air       11%        N/A       100%        7
 Summon Hydra             Summ           9%         N/A       100%        7


Dungeon Overview and Level Annotations

Branches:
Dungeon (15/15)            Temple (0/1) D:6            Lair (5/5) D:11
  Swamp (4/4) Lair:2        Snake (4/4) Lair:3        Slime (0/5) Lair:5
    Orc (2/2) D:11            Elf (1/3) Orc:2        Vaults (3/5) D:13
  Crypt (0/3) Vaults:2     Depths (0/4) D:15          Sewer (visited)
Gauntlet (visited)

Altars:
Ashenzari
Dithmenos
Elyvilon
Gozag
Hepliaklqana
Kikubaaqudgha
Qazlal
Sif Muna
Trog
Xom
Yredelemnul

Shops:
D:9 *   Orc:1 (   Orc:2 ?([[   Snake:1 *(   Snake:3 [   Vaults:2 [

Annotations:
D:5 1 runed translucent door, Newt's ghost, novice KoHu
D:10 3 runed translucent doors, sirJeffrey23's ghost, journeyman BaGl
D:11 2 runed translucent doors, jejorda2's ghost, journeyman MfBe
D:14 Roxanne
Lair:2 2 transporters, benadryl's ghost, journeyman TrCA
Lair:5 1 runed translucent door
Swamp:1 2 transporters, MrSquiggles's ghost, adept MiFi
Swamp:4 Lernaean hydra
Snake:2 1 runed translucent door, Zull's ghost, adept OpVM
Vaults:1 2 runed translucent doors, mandoloar's ghost, adept DjCj


Innate Abilities, Weirdness & Mutations

You have razor-sharp teeth.
Your natural rate of healing is unusually fast.
When hurt, damage is shared between your health and your magic reserves.
Your bite disrupts and absorbs the magic of your enemies.
Potions cannot restore your health.


Message History

You puncture the +1 heavy scimitar! You bite the +1 heavy scimitar.
You drain its power.
You feel invigorated.
The +1 heavy scimitar is heavily damaged.
The +1 heavy scimitar hits you!!
* * * LOW HITPOINT WARNING * * *
Unknown command.
Okay, then.
Okay, then.
Okay, then.
Casting: Blink (safe; 1% risk of failure)
Confirm with . or Enter, or press ? or * to list all spells.
Okay, then.
Okay, then.
Aiming: Thunderbolt
Press: ? - help, Shift-Dir - straight line, f - +1 heavy scimitar
Aim: a +1 heavy scimitar (heavily damaged)
The thunderbolt hits the deep elf knight!
The deep elf knight is moderately wounded.
The thunderbolt hits the +1 glaive of protection.
The +1 glaive of protection completely resists.
The thunderbolt hits the +1 heavy scimitar.
The +1 heavy scimitar completely resists.
The +1 heavy scimitar is heavily damaged.
You hear a shout!
You block the +1 glaive of protection's attack.
You block the +1 heavy scimitar's attack.
The deep elf pyromancer gestures wildly while chanting.
Aiming: Thunderbolt
Press: ? - help, Shift-Dir - straight line, f/p - +1 heavy scimitar
Aim: a +1 heavy scimitar (heavily damaged)
The thunderbolt hits the deep elf knight!
The deep elf knight is heavily wounded.
The thunderbolt hits the +1 glaive of protection.
The +1 glaive of protection completely resists.
The thunderbolt hits the +1 heavy scimitar but does no damage.
The +1 heavy scimitar is heavily damaged.
You hear a shout!
You block the +1 glaive of protection's attack.
The +1 heavy scimitar hits you!!
You die...

#...........#
##.....##...#
#.....§○§...#
#.........#.. ,
.'.........{.#
##.....######
*##...........#
##...'## *
#.......e.).#
##.##.#####
##........e##
#####)##..
*#'....{..#(##
##÷...
*#.##..).)###(## ###
##.... ** .#*###'###
##@###.# #..... , *
#. ##.##.## #..... ,
* *#'
***##'...######.....
,,,, , ,
##..)))...'..... ,,
,,, #....)#####.....
, * * ,, , #....)#
#..... ** , , ,
###'### #...÷. * * ,
* #.# ##.).. , ,,
,'* #.# ##...


You could see a deep elf knight (poisoned), a deep elf pyromancer (poisoned) and
2 dancing weapons.

Vanquished Creatures
  Mara (Swamp:4)
  Boris (twice) (Vaults:2 Vaults:3)
  A golden dragon (Vaults:3)
  Zenata (Vaults:2)
  Jorgrun (D:12)
  A lich (Vaults:2)
  Frances (Swamp:1)
  Kirke (D:12)
  4 sphinxes
  A storm dragon (Vaults:2)
  Donald (Swamp:4)
  A fenstrider witch (Swamp:4)
  7 nagarajas
  An orc warlord (Orc:1)
  Aizul (Snake:1)
  Louise (Swamp:3)
  8 vault wardens
  9 ironbound preservers
  7 ironbound thunderhulks
  3 stone giants
  7 very ugly things
  Nessos (D:14)
  A broodmother (shapeshifter) (Elf:1)
  3 eleionomae
  4 dire elephants
  A minotaur (Gauntlet)
  10 bunyips
  Azrael (Elf:1)
  Snorg (Orc:1)
  2 crystal guardians (Vaults:2)
  Josephine (D:12)
  A fire dragon (Lair:5)
  An entropy weaver (Vaults:2)
  7 yaktaur captains
  4 great orbs of eyes
  A peacekeeper (Vaults:2)
  2 rakshasas (D:15)
  10 vault guards
  2 catoblepae
  2 salamander tyrants
  15 hydras
  An ogre mage (Orc:2)
  6 alligators
  8 ironbound frosthearts
  11 anacondas
  A death knight (D:11)
  4 boulder beetles
  25 centaur warriors
  9 two-headed ogres
  Erica (D:10)
  5 dancing weapons (Elf:1)
  5 death yaks (Lair:1)
  17 naga warriors
  2 tengu warriors
  11 shock serpents
  2 orc high priests (Orc:1)
  Urug (Lair:2)
  20 naga sharpshooters
  3 deep elf knights (Elf:1)
  5 goliath frogs
  15 deep trolls
  4 skeletal warriors (D:15)
  2 glowing orange brains
  4 spriggan druids
  6 sea snakes
  2 wizards (Vaults:2)
  10 naga ritualists
  7 bog bodies
  13 swamp dragons
  2 deep elf archers (Elf:1)
  An orc knight (Orc:2)
  6 lindwurms
  4 deep elf zephyrmancers (Elf:1)
  9 ironbound convokers
  Pikel (D:4)
  3 orc sorcerers
  A necromancer (Vaults:1)
  12 ugly things
  A faun (shapeshifter) (D:15)
  14 mana vipers
  10 deep elf pyromancers
  A moth of wrath (shapeshifter) (Gauntlet)
  3 will-o-the-wisps
  2 manticores
  A worldbinder (Gauntlet)
  12 cyclopes
  16 naga magi
  15 salamanders
  A guardian serpent (shapeshifter) (D:15)
  Maurice (Orc:1)
  8 vault sentinels
  2 molten gargoyles (D:13)
  5 guardian serpents
  An eye of devastation (shapeshifter) (D:14)
  5 torpor snails (Lair:5)
  45 black mambas
  8 cane toads
  A gargoyle (D:10)
  2 unseen horrors
  5 komodo dragons
  14 yaktaurs
  2 kobold demonologists
  4 rime drakes
  A tengu conjurer (D:11)
  21 trolls
  3 bloated husks
  A merfolk (shapeshifter) (Gauntlet)
  A polar bear (Lair:5)
  16 tyrant leeches
  A tarantella (Vaults:2)
  14 hornets
  A jumping spider (shapeshifter) (Gauntlet)
  10 blink frogs
  17 slime creatures
  An air elemental (Elf:1)
  5 vampires
  9 wraiths
  2 water elementals (Elf:1)
  2 wyverns
  7 spriggans
  3 shadows
  A fire bat (shapeshifter) (D:13)
  2 fire elementals (Elf:1)
  31 yaks
  Grum (D:8)
  9 basilisks
  A basilisk (shapeshifter) (D:13)
  A human (shapeshifter) (D:15)
  2 steam dragons
  3 redbacks (Vaults:2)
  A harpy simulacrum (D:15)
  49 nagas
  4 vampire mosquitoes
  2 wargs (Orc:1)
  8 swamp worms
  18 water moccasins
  6 acid dragons
  2 hell hounds (Elf:1)
  27 orc warriors
  A hornet zombie (D:7)
  4 black bears
  2 sky beasts
  11 swamp drakes
  21 ogres
  14 boggarts
  15 wolves
  5 centaurs
  A kobold brigand (D:10)
  3 phantoms
  Blork the orc (D:5)
  12 bullfrogs
  A wyvern zombie (D:7)
  3 gnoll sergeants
  2 scorpions
  27 wights
  7 killer bees
  An electric eel (Snake:3)
  6 jellies
  4 howler monkeys
  4 bullfrog zombies (D:7)
  2 centaur zombies (D:7)
  5 lava snakes (D:13)
  9 orc priests
  Terence (D:3)
  3 hounds
  Jessica (D:3)
  Natasha (thrice) (D:3)
  3 iguanas
  20 orc wizards
  6 killer bee zombies (D:7)
  2 howler monkey zombies (D:7)
  16 gnolls
  11 adders
  A white imp (D:7)
  2 ufetubi
  4 worms
  5 dart slugs
  76 orcs
  4 bats
  7 endoplasms
  11 giant cockroaches
  7 goblins
  7 hobgoblins
  20 jackals
  3 quokkas
  11 ball pythons
  3 frilled lizards
  8 kobolds
  4 rats
1231 creatures vanquished.

Vanquished Creatures (collateral kills)
  An ironbound preserver (Vaults:2)
  A dire elephant (Vaults:1)
  An entropy weaver (Vaults:2)
  A death knight (D:11)
  2 deep trolls (Vaults:1)
  2 lindwurms (Vaults:1)
  A wizard (Vaults:2)
  An ugly thing (Vaults:2)
  A vault sentinel (Vaults:1)
  5 slime creatures
  2 redbacks (Vaults:2)
18 creatures vanquished.

Vanquished Creatures (others)
  An ogre mage (Orc:2)
  Sonja (D:10)
  A deep elf knight (Elf:1)
  A manticore (D:15)
  An unseen horror (D:13)
  2 humans (D:12)
  An orc wizard (D:11)
  An orc (D:12)
  13 foxfires
  4 fungi
  35 plants
61 creatures vanquished.

Grand Total: 1310 creatures vanquished

Notes
Turn   | Place    | Note
-------+----------+-------------------------------------------
     0 | D:1      | Zonian the Vine Stalker Brigand began the quest for the
                  | Orb.
     0 | D:1      | Reached XP level 1. HP: 11/11 MP: 2/2
    95 | D:1      | Reached skill level 1 in Dodging
    95 | D:1      | Reached XP level 2. HP: 8/15 MP: 0/3
    97 | D:1      | Reached skill level 5 in Stealth
   471 | D:1      | Reached XP level 3. HP: 16/18 MP: 4/4
  1131 | D:2      | Gained mutation: Your natural rate of healing is unusually
                  | fast. [Vine Stalker growth]
  1131 | D:2      | Reached XP level 4. HP: 4/23 MP: 2/5
  1133 | D:2      | HP: 1/23 [constriction (1)]
  1558 | D:2      | Found a faded altar of an unknown god.
  1730 | D:2      | Reached XP level 5. HP: 27/27 MP: 6/6
  2189 | D:3      | You fall into a shaft and drop 3 floors!
  2236 | D:6      | Found a glowing drain.
  2256 | Sewer    | Entered a sewer
  2320 | Sewer    | Noticed a water moccasin
  2340 | Sewer    | Killed a water moccasin
  2341 | Sewer    | Reached XP level 6. HP: 5/32 MP: 4/7
  2737 | D:6      | Found a broken altar of Ashenzari.
  2754 | D:6      | Became a worshipper of Ashenzari the Shackled
  2769 | D:5      | Entered Level 5 of the Dungeon
  3103 | D:5      | Noticed a black bear
  3248 | D:4      | Noticed Pikel
  3253 | D:3      | Noticed Natasha
  3256 | D:3      | Killed Natasha
  3389 | D:3      | Noticed Natasha
  3397 | D:3      | Killed Natasha
  3514 | D:3      | Noticed Natasha
  3517 | D:3      | Killed Natasha
  3518 | D:3      | Reached XP level 7. HP: 35/36 MP: 8/8
  3777 | D:3      | Noticed Jessica
  3780 | D:3      | Killed Jessica
  4047 | D:3      | Noticed Terence
  4052 | D:3      | Killed Terence
  4799 | D:3      | Reached * piety under Ashenzari
  5319 | D:4      | Killed Pikel
  5320 | D:4      | Gained mutation: You have razor-sharp teeth. [Vine Stalker
                  | growth]
  5320 | D:4      | Reached XP level 8. HP: 41/42 MP: 5/9
  5817 | D:4      | Found a faded altar of an unknown god.
  5817 | D:4      | Found a faded altar of an unknown god.
  5819 | D:4      | Found a hazy altar of Hepliaklqana.
  6375 | D:5      | Found a runed translucent door.
  6380 | D:5      | Noticed Newt's ghost (novice KoHu)
  6393 | D:5      | Noticed a yak
  6393 | D:5      | Noticed a yak
  6393 | D:5      | Noticed a yak
  6395 | D:5      | Noticed a yak
  6396 | D:5      | Noticed Blork the orc
  6415 | D:5      | Killed a yak
  6419 | D:5      | Killed a yak
  6420 | D:5      | Reached skill level 5 in Fighting
  6420 | D:5      | Reached skill level 5 in Short Blades
  6422 | D:5      | Killed a yak
  6428 | D:5      | Killed a yak
  6429 | D:5      | Reached XP level 9. HP: 47/47 MP: 10/10
  6491 | D:5      | Killed Blork the orc
  6824 | D:6      | Found an opulent altar of Gozag.
  6947 | D:6      | Found a shadowy altar of Dithmenos.
  7193 | D:6      | Found a staircase to the Ecumenical Temple.
  7260 | D:6      | Reached skill level 5 in Dodging
  7474 | D:6      | Reached ** piety under Ashenzari
  7809 | D:7      | Reached skill level 10 in Stealth
  8072 | D:7      | Reached XP level 10. HP: 53/53 MP: 11/11
  8347 | D:7      | Found a shimmering blue altar of Sif Muna.
  8631 | D:7      | Found a stormy altar of Qazlal.
  8632 | D:7      | Found an ancient bone altar of Kikubaaqudgha.
  8632 | D:7      | Found a white marble altar of Elyvilon.
  8985 | D:8      | Noticed Grum
  8986 | D:8      | Killed Grum
  9016 | D:8      | Noticed a manticore
  9351 | D:8      | Identified the +2 whip of Yfraogg {pain, SInv}
  9587 | D:8      | Killed a manticore
  9771 | D:8      | Reached *** piety under Ashenzari
  9812 | D:8      | Learned a level 3 spell: Frozen Ramparts
  9837 | D:8      | Identified the +0 robe of the Orb {rCorr Dex+2}
 10170 | D:9      | Found Zaxeece's Assorted Antiques.
 10195 | D:9      | Reached XP level 11. HP: 60/60 MP: 12/12
 10209 | D:9      | Bought a yellow potion for 29 gold pieces
 10209 | D:9      | Bought a fuming yellow potion for 29 gold pieces
 10209 | D:9      | Bought a scintillating bronze ring for 165 gold pieces
 10209 | D:9      | Identified the ring "Tucixeyrph" {rPois rF- rCorr Str+2
                  | Stlth+} (You bought it in a shop on level 9 of the Dungeon)
 10209 | D:9      | Bought a clear potion for 29 gold pieces
 10375 | D:9      | Reached skill level 1 in Spellcasting
 10375 | D:9      | Reached skill level 1 in Ice Magic
 10469 | D:9      | Reached **** piety under Ashenzari
 10815 | D:10     | Entered Level 10 of the Dungeon
 11367 | D:10     | Reached skill level 1 in Shields
 11383 | D:10     | Noticed Erica
 11394 | D:10     | Noticed Sonja
 11405 | D:10     | Killed Erica
 11670 | D:10     | Killed Sonja
 12128 | D:10     | Found a runed translucent gate.
 12129 | D:10     | Found a runed translucent gate.
 12131 | D:10     | Found a runed translucent gate.
 12134 | D:10     | Noticed sirJeffrey23's ghost (journeyman BaGl)
 12210 | D:11     | Noticed a boulder beetle
 12216 | D:11     | Killed a boulder beetle
 12248 | D:11     | Noticed a cyclops
 12380 | D:11     | Noticed a death knight
 12580 | D:11     | Noticed a cyclops
 12953 | D:11     | Found a hazy altar of Hepliaklqana.
 12959 | D:11     | Reached skill level 5 in Spellcasting
 12961 | D:11     | Reached skill level 5 in Ice Magic
 12998 | D:11     | Noticed a two-headed ogre
 13013 | D:11     | Found a staircase to the Lair.
 13015 | D:11     | Noticed a cyclops
 13032 | D:11     | Killed a cyclops
 13033 | D:11     | Reached XP level 12. HP: 57/70 MP: 21/23
 13452 | D:11     | Found a staircase to the Orcish Mines.
 13612 | D:11     | Killed a two-headed ogre
 13644 | D:11     | Noticed a death knight
 13673 | Lair:1   | Entered Level 1 of the Lair of Beasts
 13728 | Lair:1   | Reached skill level 10 in Fighting
 14041 | Lair:1   | Noticed a death yak
 14041 | Lair:1   | Noticed a death yak
 14274 | Lair:1   | Noticed a death yak
 14748 | Lair:1   | Noticed a death yak
 14748 | Lair:1   | Noticed a death yak
 14775 | Lair:1   | Killed a death yak
 14790 | Lair:1   | Killed a death yak
 14799 | Lair:1   | Killed a death yak
 14816 | Lair:1   | Killed a death yak
 14817 | Lair:1   | Reached XP level 13. HP: 58/76 MP: 17/28
 15065 | Lair:2   | Noticed Urug
 15079 | Lair:2   | Killed Urug
 15210 | Lair:2   | Learned a level 3 spell: Hailstorm
 15245 | Lair:2   | Found a staircase to the Swamp.
 15450 | Lair:2   | Found a transporter.
 15450 | Lair:2   | Noticed benadryl's ghost (journeyman TrCA)
 15478 | Lair:2   | Found a transporter.
 16135 | Lair:3   | Found a staircase to the Snake Pit.
 16770 | Lair:4   | Reached skill level 10 in Ice Magic
 16939 | Lair:4   | Identified the +2 leather armour of Marbles {rPois Will+
                  | Slay+3}
 16993 | Lair:4   | Identified the +2 mace of Vanity {antimagic, Int+4}
 16993 | Lair:4   | Identified a scroll of acquirement
 17009 | Lair:4   | Acquired the ring "Urekhiov" {Wiz rC- Int+2 Dex+5}
 17411 | Lair:5   | Entered Level 5 of the Lair of Beasts
 17796 | Lair:5   | Found a runed translucent door.
 17796 | Lair:5   | Noticed a fire dragon
 18137 | Lair:5   | Reached XP level 14. HP: 84/84 MP: 29/29
 18464 | Lair:5   | Reached skill level 1 in Evocations
 19363 | Lair:5   | Found a staircase to the Slime Pits.
 19508 | Lair:5   | Learned a level 5 spell: Borgnjor's Vile Clutch
 19580 | Lair:5   | Identified the +3 morningstar of Departure {venom, Contam
                  | rCorr Str+2}
 20398 | D:11     | Reached skill level 1 in Necromancy
 20398 | D:11     | Reached skill level 1 in Earth Magic
 21213 | D:11     | Found a large runed translucent door.
 21213 | D:11     | Found a large runed translucent door.
 21214 | D:11     | Noticed jejorda2's ghost (journeyman MfBe)
 21520 | D:12     | Noticed Kirke
 21538 | D:12     | Killed Kirke
 21614 | D:12     | Found a gate leading to a gauntlet.
 21632 | Gauntlet | Entered a Gauntlet
 21632 | Gauntlet | Found a transporter.
 21632 | Gauntlet | Found a transporter.
 21653 | Gauntlet | Found a transporter.
 21675 | Gauntlet | Found a transporter.
 21693 | Gauntlet | Found a transporter.
 21737 | Gauntlet | Found a transporter.
 21753 | Gauntlet | Noticed a brown very ugly thing
 21767 | Gauntlet | Noticed a cyan very ugly thing
 21771 | Gauntlet | Noticed a red very ugly thing
 21771 | Gauntlet | Noticed a cyan very ugly thing
 21779 | Gauntlet | Noticed a green very ugly thing
 21917 | Gauntlet | Found a transporter.
 21955 | Gauntlet | Found a transporter.
 21958 | Gauntlet | Found a large runed translucent door.
 21958 | Gauntlet | Found a large runed translucent door.
 21959 | Gauntlet | Found a large runed translucent door.
 21959 | Gauntlet | Found a large runed translucent door.
 21962 | Gauntlet | Found a large runed translucent door.
 21962 | Gauntlet | Found a large runed translucent door.
 21962 | Gauntlet | Found a large runed translucent door.
 21962 | Gauntlet | Found a large runed translucent door.
 21962 | Gauntlet | Found a runed translucent door.
 21962 | Gauntlet | Found a runed translucent gate.
 21988 | Gauntlet | Found a transporter.
 22002 | Gauntlet | Found a transporter.
 22003 | Gauntlet | Found a runed translucent door.
 22004 | Gauntlet | Found a large runed translucent door.
 22004 | Gauntlet | Found a large runed translucent door.
 22004 | Gauntlet | Found a large runed translucent door.
 22004 | Gauntlet | Found a large runed translucent door.
 22005 | Gauntlet | Found a large runed translucent door.
 22005 | Gauntlet | Found a large runed translucent door.
 22006 | Gauntlet | Found a large runed translucent door.
 22006 | Gauntlet | Found a large runed translucent door.
 22010 | Gauntlet | Found a runed translucent gate.
 22010 | Gauntlet | Found a runed translucent gate.
 22011 | Gauntlet | Found a transporter.
 22056 | Gauntlet | Found a transporter.
 22257 | D:12     | Noticed Jorgrun
 22314 | D:12     | Killed Jorgrun
 22475 | D:12     | Noticed Josephine
 22489 | D:12     | Killed Josephine
 23098 | D:13     | Found a gate to the Vaults.
 23112 | D:13     | Reached skill level 1 in Long Blades
 23379 | D:13     | Reached XP level 15. HP: 92/92 MP: 31/31
 23603 | D:13     | Reached skill level 5 in Evocations
 23785 | D:13     | Reached ***** piety under Ashenzari
 23977 | D:14     | Noticed Roxanne
 24457 | D:14     | Paralysed by a floating eye for 3 turns
 24462 | D:14     | Reached skill level 5 in Necromancy
 24806 | D:14     | Reached skill level 5 in Earth Magic
 24861 | D:14     | Noticed Nessos
 24865 | D:14     | Killed Nessos
 25636 | D:15     | Entered Level 15 of the Dungeon
 25821 | D:15     | Reached skill level 1 in Armour
 26653 | D:15     | Found a staircase to the Depths.
 26949 | Orc:1    | Entered Level 1 of the Orcish Mines
 27191 | Orc:1    | Noticed an orc warlord
 27193 | Orc:1    | Found Kufathro's Firing Range.
 27208 | Orc:1    | Killed an orc warlord
 27257 | Orc:1    | Noticed Snorg
 27263 | Orc:1    | Bought 2 throwing nets for 78 gold pieces
 27276 | Orc:1    | Killed Snorg
 27293 | Orc:1    | Noticed Maurice
 27313 | Orc:1    | Killed Maurice
 27685 | Orc:2    | Entered Level 2 of the Orcish Mines
 28072 | Orc:2    | Reached XP level 16. HP: 97/97 MP: 31/31
 28240 | Orc:2    | Found Pogoptak's Antique Weapon Shop.
 28244 | Orc:2    | Found Wuirruh's Antique Armour Emporium.
 28252 | Orc:2    | Found Yvvoloca's Magic Scroll Boutique.
 28253 | Orc:2    | Found Toiz's Armour Shop.
 28256 | Orc:2    | Bought a distressingly furry robe for 96 gold pieces
 28256 | Orc:2    | Identified the +1 robe of Emedgh {Dex+3} (You bought it in
                  | a shop on level 2 of the Orcish Mines)
 28279 | Orc:2    | Bought a scroll of fog for 60 gold pieces
 28279 | Orc:2    | Bought a scroll of blinking for 112 gold pieces
 28306 | Orc:2    | Found a staircase to the Elven Halls.
 28646 | Orc:2    | Learned a level 5 spell: Lee's Rapid Deconstruction
 28651 | Orc:2    | Learned a level 4 spell: Dispel Undead
 28654 | Orc:2    | Learned a level 2 spell: Cigotuvi's Dreadful Rot
 28823 | Orc:2    | Bought a scarf of resistance for 544 gold pieces
 29023 | Snake:1  | Entered Level 1 of the Snake Pit
 29148 | Snake:1  | Found Hulis's Assorted Antiques.
 29198 | Snake:1  | Bought a lead wand for 120 gold pieces
 29198 | Snake:1  | Bought an onyx ring for 150 gold pieces
 29233 | Snake:1  | Found Gugg's Weapon Shoppe.
 29405 | Snake:1  | Learned a level 2 spell: Blink
 30131 | Snake:1  | Reached skill level 1 in Translocations
 30885 | Snake:2  | Noticed Aizul
 31143 | Snake:1  | Reached skill level 5 in Armour
 31825 | Snake:1  | Reached skill level 1 in Poison Magic
 33910 | Snake:1  | Killed Aizul
 34600 | Snake:2  | Identified the Catalogue of the Deathly Snake
 34641 | Snake:2  | Found a runed translucent door.
 34641 | Snake:2  | Found a shimmering altar of Xom.
 34641 | Snake:2  | Noticed Zull's ghost (adept OpVM)
 35188 | Snake:3  | Noticed a nagaraja
 35206 | Snake:3  | Killed a nagaraja
 35207 | Snake:3  | Reached XP level 17. HP: 60/101 MP: 32/32
 35732 | Snake:3  | Reached skill level 5 in Translocations
 36010 | Snake:3  | Found Duakunok's Antique Armour Emporium.
 37511 | Snake:3  | Reached skill level 10 in Necromancy
 37511 | Snake:3  | Reached skill level 10 in Earth Magic
 37937 | Snake:4  | Entered Level 4 of the Snake Pit
 39156 | Snake:4  | Learned a level 6 spell: Death Channel
 39214 | Snake:4  | Identified the +9 trident of the Enchanting Seeker {holy,
                  | Str+2}
 39281 | Snake:4  | Learned a level 3 spell: Vampiric Draining
 40257 | Snake:4  | Reached XP level 18. HP: 88/107 MP: 11/33
 41104 | Snake:4  | Got a serpentine rune of Zot
 41454 | Swamp:1  | Entered Level 1 of the Swamp
 41853 | Swamp:1  | Found a transporter.
 41862 | Swamp:1  | Found a bloodstained altar of Trog.
 41862 | Swamp:1  | Noticed MrSquiggles's ghost (adept MiFi)
 41869 | Swamp:1  | Found a transporter.
 41871 | Swamp:1  | Noticed Frances
 41889 | Swamp:1  | Killed Frances
 44171 | Swamp:3  | Noticed Louise
 44184 | Swamp:3  | Killed Louise
 44772 | Swamp:3  | Identified the +7 war axe "Ges Ivod" {flame, Int+2 Dex+4
                  | Stlth+}
 45206 | Swamp:4  | Entered Level 4 of the Swamp
 45292 | Swamp:4  | Noticed Mara
 45309 | Swamp:4  | Killed Mara
 45914 | Swamp:4  | Noticed Donald
 45926 | Swamp:4  | Killed Donald
 45927 | Swamp:4  | Reached skill level 10 in Spellcasting
 46069 | Swamp:4  | Reached XP level 19. HP: 78/111 MP: 36/36
 46089 | Swamp:4  | Noticed the 27-headed Lernaean hydra
 46407 | Swamp:4  | Learned a level 5 spell: Agony
 46680 | Swamp:4  | Got a decaying rune of Zot
 47359 | Vaults:1 | Entered Level 1 of the Vaults
 48494 | Vaults:1 | Reached skill level 1 in Conjurations
 48679 | Vaults:1 | Identified the amulet "Paden" {Reflect Int+4 SH+5 Stlth+}
 48871 | Vaults:1 | Learned a level 6 spell: Iron Shot
 49145 | Vaults:1 | Found a large runed translucent door.
 49146 | Vaults:1 | Found a large runed translucent door.
 49146 | Vaults:1 | Noticed mandoloar's ghost (adept DjCj)
 49502 | Vaults:1 | Identified the +0 leather armour "Giutel" {Dex+4}
 49919 | Vaults:2 | Identified the +3 ring mail "Weloa" {rElec Str+6 Dex-5
                  | SInv}
 49944 | Vaults:2 | Found Yrauj's Antique Armour Shop.
 50301 | Vaults:2 | Noticed Boris
 50351 | Vaults:2 | Killed Boris
 50352 | Vaults:2 | Reached skill level 15 in Earth Magic
 50352 | Vaults:2 | Reached XP level 20. HP: 62/116 MP: 39/39
 50354 | Vaults:2 | Reached skill level 15 in Necromancy
 50751 | Vaults:2 | Reached skill level 5 in Conjurations
 51189 | Vaults:2 | Found a staircase to the Crypt.
 51189 | Vaults:2 | Found an ancient bone altar of Kikubaaqudgha.
 51190 | Vaults:2 | Found a basalt altar of Yredelemnul.
 51240 | Vaults:2 | Noticed Zenata
 51259 | Vaults:2 | Killed Zenata
 53579 | Vaults:3 | Noticed a golden dragon
 53582 | Vaults:3 | Killed a golden dragon
 53701 | Vaults:3 | Noticed Boris
 53708 | Vaults:3 | Killed Boris
 53719 | Vaults:3 | Upgraded the game from 0.30-a0-634-g8abc85282e to
                  | 0.30-a0-639-g3916f1956a
 54031 | Elf:1    | Entered Level 1 of the Elven Halls
 54052 | Elf:1    | Reached skill level 10 in Conjurations
 54411 | Elf:1    | Noticed Azrael
 54423 | Elf:1    | Killed Azrael
 54713 | Elf:1    | Learned a level 4 spell: Iskenderun's Mystic Blast
 54887 | Elf:1    | Reached XP level 21. HP: 121/121 MP: 41/41
 54897 | Elf:1    | Paralysed by an air elemental for 1 turns
 54900 | Elf:1    | Paralysed by an air elemental for 1 turns
 54904 | Elf:1    | Paralysed by an air elemental for 1 turns
 54927 | Elf:1    | Mangled by a +1 heavy scimitar

Illustrated notes

Levels and vault maps discovered:
D:1:      minmay_arrival_hallway, layout_basic, minmay_heptomino_h4
D:2:      minmay_roachtagon, layout_basic, hellmonk_ecumenical_altar_blasted
D:3:      layout_loops_corners, kennysheep_small_spiral,
          amcnicky_mini_corridor_feature, serial_bayou_pond_a, uniq_terence,
          uniq_jessica, uniq_natasha
D:4:      layout_layer_cave, nicolae_hepliaklqana_ecumenical_no_more,
          kennysheep_generic_room_3, uniq_pikel
D:5:      layout_loops_cross, ebering_ghost_reflecting_pool, uniq_blork_the_orc
D:6:      layout_gridville, lemuel_crystal_altar, lemuel_crystal_altar,
          grunt_gozag_statues, minmay_temple_entry_glassed_door,
          cheibrodos_sewer_entry_bend
D:7:      kennysheep_six_static_rooms, layout_loops_ring,
          mainiacjoe_overflow_alcove_3, serial_undead, serial_undead_b,
          serial_undead_f, serial_undead_c, serial_undead_d, serial_undead_a,
          serial_undead_d, serial_undead_c, serial_undead_c, serial_undead_c,
          serial_undead_d
D:8:      layout_rooms, minmay_misc_feat_pillars, minivault_14, uniq_grum
D:9:      layout_loops_corners, serial_shops, nicolae_shop_crystal
D:10:     layout_gridville, ebering_ghost_rock_garden, uniq_erica, uniq_sonja
D:11:     minmay_the_grid_octo_tiled_octocenter_mashed
          [minmay_the_grid_octo_checkerflower,
          minmay_the_grid_octo_vomiting_pacman, minmay_the_grid_octo_odd_swirl,
          minmay_the_grid_octo_focus, minmay_the_grid_octo_prize_single_spiral,
          minmay_the_grid_square_5x5_lines,
          minmay_the_grid_square_5x5_three_walls,
          minmay_the_grid_square_5x5_two, minmay_the_grid_square_5x5_fat_x],
          layout_long_grid, david_orc_4, ebering_ghost_disaster_area
D:12:     layout_stronghold, gauntlet_entry_generic, uniq_kirke, uniq_josephine,
          uniq_jorgrun
D:13:     cheibrodos_magma_flow, layout_basic, lightli_vaults_fourway_checkpoint
D:14:     layout_loops_ring, corexii_corridor_pit, minmay_misc_feat_enclosed,
          uniq_nessos, uniq_roxanne
D:15:     gammafunk_enter_depths_forms, layout_basic, minmay_door_square
Lair:1:   layout_cave_pods, nicolae_volcano_entry_vermiform, grunt_megastairs_1
Lair:2:   layout_regular_city, skrybe_swamp_entry_bodies, gammafunk_ghost_arena,
          serial_bayou_pond_d, beast_lair_carwin_4, grunt_megastairs_3,
          uniq_urug
Lair:3:   layout_roguey, dummy_snake_entry
Lair:4:   layout_loops_ring, grunt_forest_small_clearing_treed,
          infiniplex_staircase_pool_2
Lair:5:   wormcave, layout_cave_pods, guppyfry_lair_end_dragon,
          dpeg_slime_entry_enclosed
Swamp:1:  layout_falls_marsh, gammafunk_ghost_wrathful_warriors,
          nicolae_swamp_some_circles, swamp_pool1, hangedman_swamp_wriggling,
          uniq_frances
Swamp:2:  layout_basic_swamp, serial_swamp_ruin, evilmike_swamp_ruin_rubble_1,
          evilmike_swamp_ruin_house_5, hangedman_swamp_ruin_hall, swamp_pool2,
          nicolae_swamp_bunyip_nook
Swamp:3:  layout_basic_swamp, evilmike_swamp_ruin_house_4, swamp_pool2,
          uniq_louise
Swamp:4:  swamp_old_school, layout_basic_swamp, uniq_donald, uniq_mara
Snake:1:  layout_concentric_octagons, serial_shops, nicolae_shop_statue_plus,
          shop_statue
Snake:2:  layout_onion, ebering_ghost_xom, nicolae_snake_gridmaze_swirls,
          uniq_aizul
Snake:3:  nicolae_snake_shooting_gallery, layout_chambers, serial_shops, shop,
          grunt_megastairs_4, lemuel_fruit_tree
Snake:4:  grunt_snake_rune_pools, layout_rooms
Orc:1:    layout_caves, nicolae_shop_firing_range, uniq_snorg, uniq_maurice
Orc:2:    st_orc_open, layout_caves, basic_altar, library_closet
Elf:1:    elf_arrival_001, layout_geoelf_octagon, minivault_28, uniq_azrael,
          uniq_agnes
Vaults:1: advil_vaults_ghost_guards, nicolae_vaults_network_square,
          nicolae_vaults_network_s, hangedman_vaults_maws, st_spiral_rooms,
          vaults_room_grunt_arrival_ludios, ontoclasm_vaults_pinch,
          vaults_dpeg_cross, vaults_dpeg_emergency_exit, vaults_mumra_lcd,
          vaults_mumra_chevron, nicolae_vaults_rhombus_5, layout_vaults_omnigrid
Vaults:2: v_misc_32, vaults_room_boxed, vaults_mumra_minichess,
          hangedman_vaults_variations, vaults_room_stairs_pillars,
          minmay_crypt_entry_necro_gods, vaults_dpeg_ring,
          ontoclasm_vaults_spin, v_misc_17, vaults_room_octagon,
          grunt_vaults_diagonal, nicolae_vaults_little_squares_4,
          nicolae_vaults_fighting_squares, layout_vaults_maze_snakey,
          serial_shops, shop, uniq_boris, uniq_zenata
Vaults:3: grunt_vaults_funnel, hangedman_vaults_nodes, nicolae_vaults_murderbox,
          nicolae_vaults_specimen_jars, nicolae_vaults_mini_display_case,
          v_misc_1, vaults_mumra_chevron_long, ontoclasm_vaults_shuriken,
          v_alt_pattern_5, nicolae_vaults_windows_and_doors_thing,
          vaults_room_ringed_pool, layout_vaults_big_cross

Skill      XL: |  1  2  3  4  5  6  7  8  9 10 11 12 13 14 15 16 17 18 19 20 |
---------------+-------------------------------------------------------------+-----
Dodging        | 1 2 3 4 5 7 8 |  8.2
Stealth        | 5 6 7 8 10 11 12 | 12.8
Fighting       | 2 3 4 5 6 7 9 10 12 13 14 | 14.7
Throwing       | 2 |  2.4
Short Blades   | 2 3 4 5 6 |  6.9
Spellcasting   | 5 7 8 10 11 13 | 13.5
Ice Magic      | 5 7 10 11 | 11.2
Shields        | 2 |  2.6
Evocations     | 4 5 |  5.0
Necromancy     | 4 7 9 11 13 14 15 | 15.2
Earth Magic    | 4 6 9 11 13 15 | 15.2
Long Blades    | 1 3 |  3.9
Armour         | 3 5 |  5.1
Translocations | 4 6 |  6.3
Poison Magic   | 1 |  1.5
Conjurations   | 4 10 | 10.2
Air Magic      | |  0.9

Action                   |  1- 3 |  4- 6 |  7- 9 | 10-12 | 13-15 | 16-18 | 19-21 || total
-------------------------+-------+-------+-------+-------+-------+-------+-------++-------
Melee: Dagger            |    49 |       |       |   223 |       |       |       ||   272
       Bite              |    13 |    49 |    62 |   378 |   578 |   662 |   528 ||  2270
       Short sword       |    27 |   168 |   183 |   698 |  1160 |  1275 |   870 ||  4381
       Scimitar          |       |       |       |       |    47 |    10 |    18 ||    75
Throw: Dart              |       |     1 |     9 |    38 |    79 |    97 |    13 ||   237
       Javelin           |       |       |       |       |     2 |     9 |     2 ||    13
       Throwing net      |       |       |       |       |     5 |     3 |       ||     8
 Cast: Frozen Ramparts   |       |       |       |     6 |    20 |    20 |     4 ||    50
       Hailstorm         |       |       |       |       |    18 |    21 |     1 ||    40
       Lee's Rapid Decon |       |       |       |       |       |    82 |    41 ||   123
       Cigotuvi's Dreadf |       |       |       |       |       |     1 |     1 ||     2
       Borgnjor's Vile C |       |       |       |       |       |    67 |    50 ||   117
       Blink             |       |       |       |       |       |     3 |     6 ||     9
       Death Channel     |       |       |       |       |       |       |     4 ||     4
       Iron Shot         |       |       |       |       |       |       |     1 ||     1
       Iskenderun's Myst |       |       |       |       |       |       |     2 ||     2
Invok: Curse Item        |       |     1 |     2 |     4 |     3 |     1 |     1 ||    12
       Shatter the Chain |       |       |       |       |     2 |     1 |     1 ||     4
Evoke: Wand              |       |       |       |     1 |     9 |    27 |     7 ||    44
       Lightning rod     |       |       |       |       |    11 |     8 |     7 ||    26
       Tin of tremorston |       |       |       |       |     3 |     3 |     1 ||     7
       Phantom mirror    |       |       |       |       |     1 |     1 |     2 ||     4
       Condenser vane    |       |       |       |       |       |     2 |     1 ||     3
       Box of beasts     |       |       |       |       |       |       |     2 ||     2
  Use: Potion            |     2 |     2 |       |     2 |     4 |     8 |     6 ||    24
       Scroll            |       |     9 |     1 |     4 |    15 |     6 |    11 ||    46
 Stab: Sleeping          |    11 |     8 |    18 |    15 |    46 |    31 |    27 ||   156
       Distracted        |       |     1 |       |       |     4 |     3 |     6 ||    14
       Invisible         |       |       |       |     2 |       |       |     1 ||     3
       Held in net/web   |       |       |       |       |     4 |       |       ||     4
       Confused          |       |       |       |       |     1 |       |       ||     1
Armor: Robe              |    13 |    17 |    11 |    83 |    39 |       |       ||   163
       Leather armour    |       |       |       |       |    88 |    99 |   109 ||   296
Dodge: Dodged            |    47 |    89 |   116 |   520 |   583 |   669 |   448 ||  2472
Block: Other             |       |    31 |       |       |       |       |       ||    31
       Orb               |       |       |    35 |    52 |       |       |       ||    87
       Reflection        |       |       |       |    19 |    11 |   119 |    41 ||   190
       Buckler           |       |       |       |   263 |   605 |   724 |   455 ||  2047

Table legend: (Time is in decaauts)
 A = Elapsed time spent in this place.
 B = Non-inter-level travel time spent in this place.
 C = Inter-level travel time spent in this place.
 D = Time resting spent in this place.
 E = Time spent auto-exploring this place.
 F = Levels seen in this place.
 G = Mean time per level.
                   A        B        C        D        E       F      G
               +--------+--------+--------+--------+--------+-----+--------+
         Total |  53472 |  50954 |   2518 |  20329 |  18565 |  36 | 1485.3 |
       Dungeon |  19029 |  18011 |   1018 |   5280 |   8418 |  15 | 1268.6 |
          Lair |   6895 |   6211 |    684 |   1727 |   2895 |   5 | 1379.0 |
         Swamp |   5828 |   5689 |    139 |   2570 |   1981 |   4 | 1457.0 |
     Snake Pit |  11991 |  11503 |    488 |   6633 |   2535 |   4 | 2997.8 |
  Orcish Mines |   1814 |   1691 |    123 |    271 |    932 |   2 |  907.0 |
   Elven Halls |    833 |    833 |      0 |    610 |     37 |   1 |  833.0 |
        Vaults |   6172 |   6109 |     63 |   2922 |   1702 |   3 | 2057.3 |
         Sewer |    383 |    383 |      0 |    225 |     63 |   1 |  383.0 |
      Gauntlet |    524 |    524 |      0 |     91 |      0 |   1 |  524.0 |
               +--------+--------+--------+--------+--------+-----+--------+

Top non-repeatable levels by time:
 Snake:1: 4734 daAuts
 Snake:3: 3949 daAuts
Vaults:2: 3030 daAuts
  Lair:5: 2795 daAuts
Vaults:1: 2439 daAuts
 Snake:4: 2146 daAuts
    D:11: 1883 daAuts
     D:3: 1690 daAuts
 Swamp:1: 1646 daAuts
 Swamp:4: 1614 daAuts
     D:7: 1600 daAuts
    D:10: 1590 daAuts
    D:14: 1578 daAuts
     D:4: 1541 daAuts
 Swamp:2: 1516 daAuts
